 Dungeon Crawl Stone Soup version 0.27-a0-346-ga689d4a (webtiles) character file.

Game seed: 6311988203327230634

1857 Toastz the Covert (level 8, -2/39 HPs)
             Began as a Spriggan Enchanter on Feb 15, 2021.
             Was a Believer of Dithmenos.
             Splashed by a gnoll's acid (14 damage)
             ... on level 5 of the Dungeon.
             The game lasted 00:59:37 (10784 turns).

Toastz the Covert (Spriggan Enchanter)             Turns: 10784, Time: 00:59:38

Health: -2/39      AC:  3    Str: 10    XL:     8   Next: 89%
Magic:  13/18      EV: 23    Int: 22    God:    Dithmenos [**....]
Gold:   365        SH:  5    Dex: 18    Spells: 4/19 levels left

rFire    . . .     SeeInvis +   a - +1 dagger
rCold    . . .     Faith    .   (shield restricted)
rNeg     . . .     Spirit   .   q - +0 robe
rPois    .         Reflect  +   (helmet restricted)
rElec    .         Harm     .   l - +0 cloak
rCorr    .         Rampage  .   (gloves unavailable)
Will     +....                  (boots unavailable)
Stlth    +++++.....             J - amulet of reflection
HPRegen  0.13/turn              z - +6 ring of intelligence
MPRegen  0.16/turn              E - +6 ring of strength

@: lethally poisoned (-2 -> -7), very slightly contaminated, wreathed by umbra,
very quick
A: very small, unfitting armour, see invisible, speed 3
a: Renounce Religion, Shadow Step


You were on level 5 of the Dungeon.
You worshipped Dithmenos.
Dithmenos was pleased with you.
You visited 1 branch of the dungeon, and saw 7 of its levels.

You collected 365 gold pieces.

Inventory:

Hand Weapons
 a - a +1 dagger (weapon)
 b - a +0 hunting sling
 F - a +0 short sword
Missiles
 c - 323 stones
 v - 6 sling bullets
 y - 4 throwing nets
 A - 14 poisoned darts (quivered)
 B - 6 atropa-tipped darts
Armour
 l - a +0 cloak (worn)
 q - a +0 robe (worn)
Jewellery
 w - a ring of fire
 z - a +6 ring of intelligence (left hand)
 C - a ring of protection from cold
 E - a +6 ring of strength (right hand)
 J - an amulet of reflection (around neck)
Wands
 m - a wand of digging (1)
 o - a wand of flame (13)
 p - a wand of paralysis (7)
Scrolls
 d - a scroll of blinking {unknown}
 f - 2 scrolls of random uselessness {unknown}
 i - 3 scrolls of magic mapping
 k - 6 scrolls of teleportation
 n - a scroll of fog
 s - 2 scrolls of enchant armour
 u - a scroll of amnesia {unknown}
 G - a scroll of fear {unknown}
 I - a scroll of enchant weapon {unknown}
Potions
 e - a potion of attraction {unknown}
 g - 3 potions of mutation {unknown}
 h - 5 potions of curing
 j - a potion of lignification {unknown}
 r - 2 potions of might {unknown}
 x - a potion of resistance {unknown}
 D - a potion of berserk rage {unknown}
 H - 2 potions of haste {unknown}


   Skills:
 - Level 2.0 Fighting
 + Level 5.6 Short Blades
 + Level 7.3 Dodging
 - Level 8.0 Stealth
 + Level 6.2 Spellcasting
 + Level 7.1 Hexes
 + Level 1.5 Ice Magic


You had 4 spell levels left.
You knew the following spells:

 Your Spells              Type           Power        Failure   Level
a - Corona                Hex            42%          1%          1
b - Ensorcelled Hibernat  Hex/Ice        52%          2%          2
c - Tukima's Dance        Hex            38%          1%          3
d - Confusing Touch       Hex            38%          1%          3
e - Dazzling Flash        Conj/Hex       44%          6%          3
f - Summon Guardian Gole  Hex/Summ       22%          6%          3

Your spell library contained the following spells:

 Spells                   Type           Power        Failure   Level
 Freeze                   Ice            52%          4%          1
 Animate Skeleton         Necr           12%          9%          1
 Magic Dart               Conj           24%          9%          1
 Pain                     Necr           24%          9%          1
 Summon Small Mammal      Summ           24%          9%          1
 Call Imp                 Summ           6%           14%         2
 Frozen Ramparts          Ice            26%          14%         3
 Ozocubu's Armour         Ice            13%          14%         3
 Call Canine Familiar     Summ           6%           26%         3
 Stone Arrow              Conj/Erth      12%          26%         3
 Hailstorm                Conj/Ice       10%          54%         4
 Summon Ice Beast         Ice/Summ       10%          54%         4
 Iskenderun's Mystic Bla  Conj/Tloc      6%           65%         4
 Summon Lightning Spire   Summ/Air       6%           65%         4
 Bolt of Magma            Conj/Fire/Erth 3%           94%         5
 Excruciating Wounds      Necr           3%           94%         5


Dungeon Overview and Level Annotations

Branches:
Dungeon (7/15)             Temple (0/1) D:7

Altars:
Cheibriados
Dithmenos
Elyvilon
Fedhas
Gozag
Hepliaklqana
Makhleb
Ru
Sif Muna
Trog
Vehumet
Xom
Zin

Shops:
D:5 =


Innate Abilities, Weirdness & Mutations

You are very small and have problems with some larger weapons.
You are too small for most types of armour.
You have supernaturally acute eyesight. (SInv)
You cover ground extremely quickly.


Message History

You are very lightly contaminated with residual magic.
Nothing appears to happen.
You block the gnoll sergeant's attack. The gnoll closely misses you.
Casting: Summon Guardian Golem (dangerous; 6% risk of failure)
Confirm with . or Enter, or press ? or * to list all spells.
A guardian golem appears, shielding your allies.
The gnoll sergeant completely misses you.
The gnoll hits you with a +0 spear! The gnoll shaman barely misses you.
You swap places.
The gnoll hits you from afar with a +0 spear!
What are your orders? t - Shout!
Orders for allies: a - Attack new target. p - Attack previous target. r - Retreat! s - Stop attacking. g - Guard the area. f - Follow me.
Anything else - Cancel.
Guard this area!
The gnoll hits your guardian golem but does no damage.
The gnoll sergeant hits you from afar with a +1 spear of venom!
* * * LOW HITPOINT WARNING * * *
You are poisoned.
The gnoll completely misses you.
You feel sick.
The gnoll hits your guardian golem with a +0 spear.
The gnoll hits your guardian golem but does no damage.
You feel sick.
The gnoll hits your guardian golem with a +0 spear.
The gnoll hits your guardian golem but does no damage.
You see here a poisoned dart.
You feel much better.
The gnoll hits your guardian golem with a +0 spear.
The gnoll hits your guardian golem but does no damage.
You feel sick.
There is an open translucent door here.
The gnoll hits your guardian golem but does no damage.
The gnoll zaps a wand.
The bolt of acid hits you!!
Ouch! That really hurt!
You are splashed with acid!
You die...

≈≈≈≈≈≈≈≈≈≈≈≈≈≈≈≈≈≈≈≈≈≈......#.#..
≈≈≈≈≈≈≈≈≈≈≈≈≈≈≈≈≈≈≈≈≈≈..#####.###
####...........#####≈≈........#..
.#.#.###.©.###.#.#.#≈≈.....####.#
...###.#####©###...#≈≈.....# #.#
##....((....g....###≈≈.....# #.#
8#.######'###'##.#8.≈≈.....# #..
##.#$."#8.g#.((#.##.≈≈.....# ###
#..'$W:#⌠gggg.('@.#.≈≈.....#
##.#$) #8g8#...#.##.≈≈.....#
8#g######'###'##.#8.≈≈.....#
##......?........###≈≈..####
...###.#####.###...#≈≈..#
g#.#.###.©.###.#.#.#≈≈..#
####...........#####≈≈..#
≈≈≈≈≈≈≈≈...≈≈≈≈≈≈≈≈≈≈≈..#
≈≈≈≈≈≈≈≈...≈≈≈≈≈≈≈≈≈≈≈..#


You could see 2 gnoll sergeants, a gnoll shaman, 4 gnolls and a friendly
guardian golem (summoned).

Vanquished Creatures
  Sigmund (D:6)
  2 orc warriors
  An ice beast (D:7)
  2 sky beasts
  A centaur (D:7)
  A bullfrog (D:5)
  A water moccasin skeleton (D:7)
  A howler monkey (D:5)
  2 hounds (D:7)
  2 jellies
  A centaur skeleton (D:4)
  2 iguanas (D:5)
  Terence (D:2)
  4 orc wizards
  3 worker ants
  Robin (D:2)
  10 gnolls
  7 adders
  A white imp (D:5)
  4 ufetubi
  An ooze (D:3)
  An adder zombie (D:7)
  A worm (D:3)
  A dart slug (D:2)
  7 leopard geckos
  15 orcs
  A ball python (D:4)
  6 giant cockroaches
  17 goblins
  7 hobgoblins
  9 jackals
  4 kobolds
  3 quokkas
  7 bats
  5 frilled lizards
  A jackal skeleton (D:4)
  A quokka skeleton (D:7)
  8 rats
143 creatures vanquished.

Vanquished Creatures (collateral kills)
  Blork the orc (D:6)
  A gnoll sergeant (D:5)
  A gnoll (D:5)
  2 orcs (D:4)
5 creatures vanquished.

Vanquished Creatures (others)
  The ghost of vykuza the Chopper, a novice FoFi of Okawaru (D:5)
  A dancing weapon (D:3)
  A hound skeleton (D:7)
  A gnoll (D:5)
  6 plants (D:5)
10 creatures vanquished.

Grand Total: 158 creatures vanquished

Notes
Turn   | Place    | Note
-------+----------+-------------------------------------------
     0 | D:1      | Toastz the Spriggan Enchanter began the quest for the Orb.
     0 | D:1      | Reached XP level 1. HP: 9/9 MP: 5/5
   430 | D:1      | Reached XP level 2. HP: 14/14 MP: 3/6
  1573 | D:2      | Noticed Terence
  1618 | D:2      | Learned a level 2 spell: Ensorcelled Hibernation
  2186 | D:2      | Killed Terence
  2187 | D:2      | Reached skill level 1 in Fighting
  2187 | D:2      | Reached skill level 5 in Stealth
  2187 | D:2      | Reached XP level 3. HP: 18/18 MP: 5/8
  2191 | D:2      | Learned a level 3 spell: Tukima's Dance
  2619 | D:2      | Reached XP level 4. HP: 22/22 MP: 6/9
  2747 | D:2      | Found a shadowy altar of Dithmenos.
  2752 | D:2      | Became a worshipper of Dithmenos the Shadowed
  2756 | D:2      | Found a snail-covered altar of Cheibriados.
  2761 | D:2      | Found a hazy altar of Hepliaklqana.
  3392 | D:3      | Noticed Robin
  3779 | D:2      | Killed Robin
  4223 | D:3      | Reached * piety under Dithmenos
  4327 | D:3      | Reached XP level 5. HP: 22/25 MP: 5/10
  5087 | D:3      | Found a shimmering altar of Xom.
  5087 | D:3      | Found a shimmering altar of Xom.
  5088 | D:3      | Found a shimmering altar of Xom.
  5094 | D:3      | Found a shimmering altar of Xom.
  5095 | D:3      | Found a shimmering altar of Xom.
  5445 | D:4      | Reached skill level 6 in Stealth
  5686 | D:4      | Reached XP level 6. HP: 30/30 MP: 4/11
  5742 | D:4      | Learned a level 3 spell: Confusing Touch
  5972 | D:4      | Found a sacrificial altar of Ru.
  6019 | D:4      | Found a shimmering blue altar of Sif Muna.
  6022 | D:4      | Found a bloodstained altar of Trog.
  6025 | D:4      | Found a burning altar of Makhleb.
  6415 | D:5      | Entered Level 5 of the Dungeon
  6615 | D:5      | Found a transporter.
  6649 | D:5      | Reached skill level 5 in Hexes
  6949 | D:5      | Learned a level 3 spell: Dazzling Flash
  6986 | D:5      | Reached skill level 5 in Dodging
  7031 | D:5      | Found a white marble altar of Elyvilon.
  7175 | D:5      | Found Amibij's Jewellery Boutique.
  7282 | D:5      | Reached XP level 7. HP: 33/33 MP: 7/14
  7361 | D:5      | Noticed vykuza's ghost (novice FoFi)
  7382 | D:5      | Found a transporter.
  7851 | D:6      | Noticed Sigmund
  7917 | D:5      | Reached skill level 7 in Stealth
  8040 | D:6      | Killed Sigmund
  8040 | D:6      | Reached ** piety under Dithmenos
  8069 | D:6      | Identified the Collected Works on Harmful Black Secrets
  8077 | D:6      | Noticed Blork the orc
  8253 | D:6      | Killed Blork the orc
  8308 | D:6      | Learned a level 3 spell: Summon Guardian Golem
  8398 | D:6      | Reached skill level 8 in Stealth
  8398 | D:6      | Reached skill level 5 in Spellcasting
  8398 | D:6      | Reached XP level 8. HP: 37/37 MP: 12/16
  8543 | D:6      | Found a glowing silver altar of Zin.
  8884 | D:6      | Found a blossoming altar of Fedhas.
  9001 | D:6      | Found an opulent altar of Gozag.
  9587 | D:7      | Found a staircase to the Ecumenical Temple.
  9699 | D:7      | Reached skill level 5 in Short Blades
  9843 | D:7      | Found a radiant altar of Vehumet.
 10155 | D:7      | Reached skill level 1 in Ice Magic
 10503 | D:5      | Killed vykuza's ghost
 10784 | D:5      | Splashed by a gnoll's acid

Illustrated notes

Levels and vault maps discovered:
D:1:      erik_arrival_blinker_ship, layout_basic
D:2:      layout_basic, grunt_temple_overflow_diamond, uniq_terence
D:3:      layout_basic, st_stairs_6, xom_redecorated, uniq_robin
D:4:      layout_loops_cross, grunt_temple_overflow_cloverleaf
D:5:      layout_basic, gammafunk_ghost_gnarly_gnolls, basic_altar,
          serial_shops, nicolae_shop_trees, minivault_23, grunt_decor_junction,
          nrook_campfire
D:6:      layout_cave_pools, pdpol_temple_overflow_zin_treasury_gozag_greed,
          general_overflow_altar, nicolae_overflow_hidden_temple, uniq_sigmund,
          uniq_blork_the_orc
D:7:      layout_basic, fiery_altar_vehumet, temple_pool_b

Skill      XL: |  1  2  3  4  5  6  7  8 |
---------------+-------------------------+-----
Dodging        | 3 4 5 6 7 |  7.3
Fighting       | 1 2 |  2.0
Stealth        | 5 6 8 |  8.0
Hexes          | 4 5 6 7 |  7.1
Short Blades   | 2 3 4 5 |  5.6
Spellcasting   | 3 4 5 6 |  6.2
Ice Magic      | 1 |  1.5

Action                   |  1- 3 |  4- 6 |  7- 9 || total
-------------------------+-------+-------+-------++-------
Melee: Dagger            |    81 |   288 |   160 ||   529
 Fire: Hunting sling     |     1 |       |       ||     1
Throw: Stone             |    17 |    19 |       ||    36
       Dart              |       |     1 |    20 ||    21
 Cast: Corona            |    14 |    13 |     4 ||    31
       Ensorcelled Hiber |     7 |    47 |    39 ||    93
       Tukima's Dance    |       |     5 |     3 ||     8
       Confusing Touch   |       |     1 |     4 ||     5
       Dazzling Flash    |       |       |     3 ||     3
       Summon Guardian G |       |       |     4 ||     4
Evoke: Wand              |       |       |     1 ||     1
  Use: Scroll            |       |     2 |     4 ||     6
       Potion            |       |     1 |     2 ||     3
 Stab: Sleeping          |    18 |    34 |    31 ||    83
       Confused          |       |       |     1 ||     1
Armor: Robe              |     3 |    22 |     8 ||    33
Dodge: Dodged            |    45 |   226 |   192 ||   463
Block: Other             |       |       |    25 ||    25

Table legend: (Time is in decaauts)
 A = Elapsed time spent in this place.
 B = Non-inter-level travel time spent in this place.
 C = Inter-level travel time spent in this place.
 D = Time resting spent in this place.
 E = Time spent auto-exploring this place.
 F = Levels seen in this place.
 G = Mean time per level.
                   A        B        C        D        E       F      G
               +--------+--------+--------+--------+--------+-----+--------+
         Total |   8523 |   8136 |    387 |   2286 |   4462 |   7 | 1217.6 |
       Dungeon |   8523 |   8136 |    387 |   2286 |   4462 |   7 | 1217.6 |
               +--------+--------+--------+--------+--------+-----+--------+

Top non-repeatable levels by time:
     D:5: 1779 daAuts
     D:2: 1464 daAuts
     D:1: 1462 daAuts
     D:3: 1240 daAuts
     D:4: 905 daAuts
     D:6: 836 daAuts
     D:7: 834 daAuts
